 Dungeon Crawl Stone Soup version 0.30.0 (webtiles) character file.

Game seed: 5185582043490824739

36106 browni3141 the Reanimator (level 13, -6/93 HPs)
             Began as a Barachi Necromancer on May 7, 2023.
             Was the Champion of Cheibriados.
             Mangled by a cane toad (21 damage)
             ... on level 5 of the Lair of Beasts.
             The game lasted 00:34:05 (18877 turns).

browni3141 the Reanimator (Barachi Necromancer)    Turns: 18877, Time: 00:34:06

Health: -6/93      AC:  5    Str: 32    XL:     13   Next: 88%
Magic:  3/25       EV: 19    Int: 38    God:    Cheibriados [******]
Gold:   1034       SH: 15    Dex: 34    Spells: 9/28 levels left

rFire   . . .        a - +5 whip "Eroikk" {venom, rPois Int+4}
rCold   + . .        i - +0 kite shield
rNeg    . . .        V - +2 robe of Death Resistance {rC+ Slay+3}
rPois   +            g - +0 hat {SInv}
rElec   .            (no cloak)
rCorr   .            z - +0 pair of gloves
SInv    +            (no boots)
Will    .....        (no amulet)
Stlth   +++          k - +6 ring of strength
HPRegen 0.35/turn    e - +6 ring of dexterity
MPRegen 0.19/turn

%: no passive effects
@: death channelling, animating dead (expiring), very slow
A: amphibious, slowness 1, strong legs 2, +LOS
a: Hop, Renounce Religion, Bend Time, Temporal Distortion, Slouch, Step From
Time


You were on level 5 of the Lair of Beasts.
You worshipped Cheibriados.
Cheibriados was exalted by your worship.
You visited 2 branches of the dungeon, and saw 15 of its levels.
You also visited: Sewer and Bailey.

You collected 1034 gold pieces.

Inventory:

Hand Weapons
 a - the +5 whip "Eroikk" (weapon) {venom, rPois Int+4}
   (You found it on level 2 of the Dungeon)

   Int:       It affects your intelligence (+4).
   rPois:     It protects you from poison.
Missiles
 f - 6 silver javelins (quivered)
 R - 26 poisoned darts
 T - 7 boomerangs
 Z - 4 throwing nets
Armour
 c - a +0 pair of gloves
 g - a +0 hat of see invisible (worn)
 i - a +0 kite shield (worn)
 v - a +0 robe
 z - a +0 pair of gloves (worn)
 G - a +0 pair of gloves
 M - an orb of guile
 V - the +2 robe of Death Resistance (worn) {rC+ Slay+3}
   (You found it on level 1 of the Lair of Beasts)

   Slay:      It affects your accuracy & damage with ranged weapons and melee
   (+3).
   rC:        It protects you from cold.
Magical Staves
 w - a staff of cold
 X - a staff of conjuration
Jewellery
 e - a +6 ring of dexterity (right hand)
 k - a +6 ring of strength (left hand)
 l - a ring of wizardry
 t - a ring of see invisible
 E - an amulet of guardian spirit
Wands
 d - a wand of roots (2)
 o - a wand of mindburst (10)
 p - a wand of polymorph (7)
 P - a wand of paralysis (11)
Scrolls
 n - a scroll of acquirement {unknown}
 q - 5 scrolls of teleportation
 r - a scroll of identify
 u - 4 scrolls of fear
 x - 2 scrolls of blinking
 A - 2 scrolls of immolation
 D - 7 scrolls of enchant armour
 F - 4 scrolls of fog
 K - 2 scrolls of amnesia
 N - 2 scrolls of summoning
 O - 3 scrolls of silence
 U - 4 scrolls of enchant weapon
 W - 3 scrolls of magic mapping
 Y - a scroll of brand weapon
Potions
 b - 5 potions of mutation
 j - a potion of cancellation {unknown}
 m - 2 potions of magic
 s - 2 potions of flight
 y - 4 potions of resistance {unknown}
 B - 6 potions of might {unknown}
 C - 6 potions of curing
 H - 2 potions of heal wounds
 I - 6 potions of invisibility {unknown}
 J - a potion of berserk rage {unknown}
 L - 4 potions of lignification
 Q - 3 potions of attraction {unknown}
 S - a potion of brilliance {unknown}
Miscellaneous
 h - a box of beasts


   Skills:
 * Level 5.9 Fighting
 * Level 6.4 Maces & Flails
 * Level 4.7 Armour
 * Level 6.4 Dodging
 - Level 3.0 Stealth
 - Level 10.0 Shields
 - Level 8.0 Spellcasting
 - Level 12.0 Necromancy
 - Level 5.0 Fire Magic
 * Level 10.4 Invocations


You had 9 spell levels left.
You knew the following spells:

 Your Spells              Type           Power      Damage    Failure   Level
a - Death Channel         Necr           41%        N/A       4%          6
d - Animate Dead          Necr           82%        N/A       1%          4
u - Dispel Undead         Necr           82%        3d27      1%          4
v - Vampiric Draining     Necr           82%        2d11      1%          3
z - Foxfire               Conj/Fire      100%       2x1d9     1%          1
N - Necrotise             Necr           100%       1d9       1%          1

Your spell library contained the following spells:

 Spells                   Type           Power      Damage    Failure   Level
 Cigotuvi's Dreadful Rot  Necr/Pois/Air  90%        N/A       1%          2
 Agony                    Necr           82%        N/A       1%          5
 Apportation              Tloc           30%        N/A       3%          1
 Magic Dart               Conj           60%        1d6       3%          1
 Slow                     Hex            60%        N/A       3%          1
 Summon Small Mammal      Summ           60%        N/A       3%          1
 Inner Flame              Hex/Fire       34%        N/A       4%          3
 Call Imp                 Summ           30%        N/A       5%          2
 Ensorcelled Hibernation  Hex/Ice        30%        N/A       5%          2
 Passwall                 Tmut/Erth      12%        N/A       5%          2
 Searing Ray              Conj           30%        2d5       5%          2
 Call Canine Familiar     Summ           15%        N/A       11%         3
 Confusing Touch          Hex            15%        N/A       11%         3
 Mephitic Cloud           Conj/Pois/Air  15%        N/A       11%         3
 Summon Guardian Golem    Hex/Summ       15%        N/A       11%         3
 Swiftness                Air            15%        N/A       11%         3
 Fulminant Prism          Conj/Hex       7%         3d7       36%         4
 Fireball                 Conj/Fire      17%        3d9       36%         5
 Alistair's Intoxication  Tmut/Pois      10%        N/A       71%         5
 Yara's Violent Unravell  Hex/Tmut       7%         3d5       71%         5
 Plasma Beam              Fire/Air       17%        2x1d31    90%         6
 Starburst                Conj/Fire      17%        6d6       90%         6
 Enfeeble                 Hex            7%         N/A       100%        7


Dungeon Overview and Level Annotations

Branches:
Dungeon (10/15)            Temple (0/1) D:4            Lair (5/5) D:8
  Swamp (0/4) Lair:2        Snake (0/4) Lair:2        Slime (0/5) Lair:4
  Sewer (visited)          Bailey (visited)
    Orc: D:9-12

Altars:
Cheibriados
Elyvilon
Gozag
Hepliaklqana
Yredelemnul
Jiyva

Annotations:
D:10 1 runed translucent door, exclusion: gargoyle
Lair:3 2 transporters, exclusions: electric eel and 3 oklob plants, Zdeegee's ghost, journeyman DsBr


Innate Abilities, Weirdness & Mutations

You are amphibious.
You cover ground slowly.
You can hop long distances.
You have an extended range of vision and can be seen from far away.


Message History

Aiming: Vampiric Draining (safe; 1% risk of failure)
Press: ? - help, Shift-Dir - straight line, f - yak
Aim: a yak (ally target)
You draw life force from the yak!
You feel life coursing into your body!
The rime drake bites the plant.
You block the cane toad's attack.
The polar bear bites the plant!
The polar bear claws the plant. x2
You block the yak's attack.
The polar bear barely misses your spectral water moccasin. x2
The polar bear claws your spectral water moccasin.
You whack the yak!
The yak is poisoned.
The yak is heavily wounded.
The rime drake bites the plant!
Your spectral water moccasin bites the polar bear.
Your spectral water moccasin drains the polar bear.
You block the cane toad's attack.
You hit the yak but do no damage.
The yak looks as sick as possible!
The yak is heavily wounded.
You block the yak's attack. The polar bear bites you.
You block the polar bear's attack. x2; The polar bear bites the plant.
The polar bear claws the plant. x2
Your spectral water moccasin bites the polar bear but does no damage.
The rime drake bites the plant.
Your water moccasin zombie bites the cane toad but does no damage.
The cane toad stings you!
You whack the yak!
You kill the yak!
Cheibriados appreciates the change of pace.
The dead are walking!
A glowing mist starts to gather...
Your spectral water moccasin bites the polar bear but does no damage.
The polar bear bites you. You block the polar bear's attack.
The polar bear claws you but does no damage.
The rime drake bites the plant.
Your water moccasin zombie bites the cane toad but does no damage.
You block the cane toad's attack.
You hit the cane toad.
The cane toad is lightly wounded.
A nearby plant withers and dies.
Your spectral water moccasin bites the polar bear but does no damage.
You block the lindwurm's attack. x3
Your water moccasin zombie bites the cane toad but does no damage.
The cane toad closely misses you.
You barely miss the cane toad.
The cane toad is lightly wounded.
Your spectral water moccasin bites the lindwurm but does no damage.
The rime drake breathes ice at you.
The icy flash freeze hits your spectral water moccasin!
Your spectral water moccasin partially resists.
Your spectral water moccasin is flash-frozen.
Your water moccasin zombie barely misses the cane toad.
You block the cane toad's attack. The lindwurm closely misses you. x2
The lindwurm completely misses you.
Your spectral water moccasin bites the rime drake.
You hit the cane toad.
The cane toad is lightly wounded.
The rime drake bites your spectral water moccasin.
Your spectral yak gores the polar bear.
You block the cane toad's attack.
Your spectral water moccasin bites the rime drake.
Your spectral water moccasin drains the rime drake.
Your water moccasin zombie closely misses the cane toad.
The lindwurm closely misses you. The lindwurm misses you.
The lindwurm closely misses you.
The polar bear bites your spectral water moccasin.
The polar bear closely misses your spectral water moccasin.
The polar bear claws your spectral water moccasin but does no damage.
You hit the cane toad.
The cane toad is lightly wounded.
The rime drake bites your spectral water moccasin.
Your spectral water moccasin barely misses the polar bear.
You block the cane toad's attack.
Your spectral yak gores the polar bear but does no damage.
Your water moccasin zombie closely misses the cane toad.
You whack the cane toad!
The cane toad is moderately wounded.
Your reaping aura is weakening.
Your spectral water moccasin is no longer encased in ice.
The lindwurm breathes flames at you. The blast of flame hits you!!
* * * LOW HITPOINT WARNING * * *
The blast of flame hits your yak zombie!!
The polar bear bites your spectral water moccasin!!
Your spectral water moccasin is destroyed!
Your yak zombie gores the rime drake.
You block the cane toad's attack.
Your spectral yak barely misses the polar bear.
Your water moccasin zombie bites the cane toad.
Casting: Vampiric Draining (safe; 1% risk of failure)
Confirm with . or Enter, or press ? or * to list all spells.
Aiming: Vampiric Draining (safe; 1% risk of failure)
Press: ? - help, Shift-Dir - straight line, f - rime drake
Aim: a rime drake (heavily wounded, lightly drained)
You draw life force from the rime drake!
You feel life coursing into your body! The lindwurm breathes flames at you.
The blast of flame hits you!
* * * LOW HITPOINT WARNING * * *
The blast of flame hits your yak zombie!!
Your yak zombie is destroyed!
The rime drake closely misses you. The polar bear closely misses you.
You block the polar bear's attack. The polar bear misses you.
The cane toad stings you!!
You die...

≈≈≈≈≈~~~P.........
≈≈≈≈PP~~P~.....#.. ..
≈≈≈≈~~~~~~......# ...
≈≈≈~~~~~......## ....
~~~~§§§~.....!#....###
~~PP§§~......#......
#.§.~...........##
♣♣#................#.
#..k@Z.....P# #.....#
.......hkF.#P...##.....P#
P......Zh................
......[...PP#...<#......
.P.~.......P##.......#..
.~..~.~......##.....##
.~.~.~~♣...P####.....#
P~~~~~....... ##..P..#
.~.~~.~.....). ....P.#


You could see a lindwurm (catching breath), 2 polar bears, a cane toad (ally
target), a rime drake (drained), a friendly spectral yak and a friendly water
moccasin zombie.

Vanquished Creatures
  Harold (Lair:1)
  A hydra (Lair:4)
  A centaur warrior (D:10)
  A boulder beetle (D:10)
  A two-headed ogre (D:5)
  A skyshark (Lair:1)
  An elephant (Lair:4)
  2 black mambas
  4 torpor snails (Lair:2)
  A kobold demonologist (D:9)
  A gargoyle (D:10)
  An orange demon (Lair:1)
  4 cane toads
  4 komodo dragons
  2 trolls
  A hornet (D:8)
  A blink frog (Lair:3)
  2 shadows
  A wraith (D:9)
  11 yaks
  A wyvern (D:9)
  Eustachio (D:6)
  A vampire mosquito (Lair:2)
  A steam dragon (D:9)
  A naga (Lair:2)
  12 water moccasins
  5 orc warriors
  Pargi (Sewer)
  A sky beast (D:4)
  A black bear (Lair:1)
  5 ogres
  9 wolves (Lair:1)
  2 centaurs
  3 kobold brigands
  5 bullfrogs
  A gnoll sergeant (D:8)
  17 wights
  3 killer bees (D:7)
  A howler monkey (D:9)
  4 electric eels
  3 jellies
  4 hounds
  5 orc priests
  Ijyb (D:4)
  A sleepcap (D:8)
  Terence (D:2)
  7 orc wizards
  2 iguanas
  8 gnolls
  10 adders
  2 river rats (D:5)
  A white imp (D:5)
  A worm (D:4)
  31 orcs
  13 bats
  6 endoplasms
  3 giant cockroaches (D:1)
  7 hobgoblins
  4 jackals (D:4)
  3 quokkas
  10 ball pythons
  3 frilled lizards
  13 goblins
  23 kobolds
  9 rats
288 creatures vanquished.

Vanquished Creatures (collateral kills)
  Gastronok (Lair:2)
  A hydra (Lair:2)
  Urug (Lair:2)
  Amaemon (Lair:1)
  3 orc knights (Bailey)
  2 elephants (Lair:4)
  A black mamba (Lair:2)
  2 cane toads
  2 komodo dragons (Lair:1)
  A rime drake (Lair:1)
  3 blink frogs (Lair:3)
  A slime creature (Lair:4)
  12 yaks
  3 basilisks
  Grum (Lair:1)
  A vampire mosquito (Lair:2)
  3 nagas (Lair:2)
  9 water moccasins
  4 orc warriors (Bailey)
  A black bear (Lair:2)
  3 wolves (Lair:1)
  2 bullfrogs
  An electric eel (Lair:1)
  2 jellies (Lair:4)
  A gnoll bouda (D:10)
  12 adders (Lair:1)
  2 gnolls (D:10)
  7 orcs (Bailey)
  An orc zombie (Bailey)
  A foxfire (Lair:5)
85 creatures vanquished.

Vanquished Creatures (others)
  A gargoyle (D:10)
  A black mamba zombie (Lair:1)
  A skyshark zombie (Lair:1)
  3 cane toad zombies
  A blink frog zombie (Lair:3)
  A rime drake zombie (Lair:1)
  A komodo dragon zombie (Lair:1)
  5 water moccasin zombies
  5 yak zombies
  A troll zombie (D:10)
  4 wolf zombies (Lair:1)
  A basilisk zombie (Lair:4)
  A black bear zombie (Lair:2)
  A gnoll zombie (Lair:1)
  5 adder zombies (Lair:1)
  7 orc zombies (Bailey)
  593 foxfires
  52 fungi
  46 plants
730 creatures vanquished.

Grand Total: 1103 creatures vanquished

Notes
Turn   | Place    | Note
-------+----------+-------------------------------------------
     0 | D:1      | browni3141 the Barachi Necromancer began the quest for the
                  | Orb.
     0 | D:1      | Reached XP level 1. HP: 13/13 MP: 3/3
   158 | D:1      | Reached XP level 2. HP: 13/22 MP: 0/5
   481 | D:1      | Reached skill level 3 in Fighting
   562 | D:1      | Reached XP level 3. HP: 29/29 MP: 6/6
   585 | D:1      | Learned a level 1 spell: Foxfire
   981 | D:2      | Reached XP level 4. HP: 35/35 MP: 0/7
  1495 | D:2      | Identified the +5 whip "Eroikk" {venom, rPois Int+4}
  1629 | D:2      | Noticed Terence
  1650 | D:2      | Killed Terence
  1928 | D:2      | Reached XP level 5. HP: 42/42 MP: 5/8
  1931 | D:2      | Found a faded altar of an unknown god.
  3015 | D:3      | Reached skill level 3 in Fire Magic
  3332 | D:4      | Learned a level 3 spell: Vampiric Draining
  3689 | D:4      | Noticed an ogre
  3702 | D:4      | Killed an ogre
  3703 | D:4      | Reached skill level 3 in Maces & Flails
  3703 | D:4      | Reached XP level 6. HP: 7/48 MP: 0/9
  4002 | D:4      | Noticed a sky beast
  4009 | D:4      | Killed a sky beast
  4085 | D:4      | Noticed Ijyb
  4102 | D:4      | Killed Ijyb
  4237 | D:4      | Found a staircase to the Ecumenical Temple.
  4341 | D:5      | Entered Level 5 of the Dungeon
  4377 | D:5      | Reached XP level 7. HP: 45/54 MP: 5/10
  4443 | D:5      | Found a white marble altar of Elyvilon.
  4445 | D:5      | Found a snail-covered altar of Cheibriados.
  4465 | D:5      | Became a worshipper of Cheibriados the Contemplative
  4527 | D:5      | Noticed a two-headed ogre
  4735 | D:5      | Found a glowing drain.
  4873 | Sewer    | Entered a sewer
  4901 | Sewer    | Noticed Pargi
  4945 | Sewer    | Killed Pargi
  5260 | D:6      | Reached * piety under Cheibriados
  5593 | D:6      | Reached XP level 8. HP: 26/60 MP: 6/12
  5784 | D:6      | Reached skill level 3 in Dodging
  5784 | D:6      | Reached skill level 4 in Necromancy
  5793 | D:6      | Noticed Eustachio
  5818 | D:6      | Killed Eustachio
  5819 | D:6      | Reached skill level 3 in Spellcasting
  6361 | D:6      | Reached skill level 3 in Stealth
  7080 | D:7      | Reached ** piety under Cheibriados
  7300 | D:7      | Reached skill level 3 in Invocations
  7300 | D:7      | Reached XP level 9. HP: 50/63 MP: 15/15
  7318 | D:7      | Reached skill level 5 in Necromancy
  7396 | D:7      | Found a faded altar of an unknown god.
  8518 | D:8      | Noticed a hornet
  8546 | D:8      | Reached skill level 6 in Necromancy
  8604 | D:8      | Reached *** piety under Cheibriados
  9270 | D:8      | Found an opulent altar of Gozag.
  9314 | D:8      | Paralysed by a hornet for 2 turns
  9317 | D:8      | Killed a hornet
  9443 | D:8      | Found a staircase to the Lair.
  9445 | D:8      | Noticed a komodo dragon
  9459 | D:8      | Killed a komodo dragon
  9460 | D:8      | Reached skill level 7 in Necromancy
  9637 | D:8      | Reached skill level 6 in Invocations
  9637 | D:8      | Reached XP level 10. HP: 23/71 MP: 5/16
  9795 | D:8      | Learned a level 4 spell: Dispel Undead
  9800 | D:8      | Learned a level 4 spell: Animate Dead
 10544 | D:9      | Noticed a kobold demonologist
 10553 | D:9      | Noticed a soul eater
 10566 | D:9      | Killed a kobold demonologist
 11033 | D:10     | Entered Level 10 of the Dungeon
 11045 | D:10     | Noticed a centaur warrior
 11067 | D:10     | Killed a centaur warrior
 11068 | D:10     | Reached skill level 8 in Necromancy
 11140 | D:10     | Reached **** piety under Cheibriados
 11141 | D:10     | Reached skill level 3 in Shields
 11240 | D:10     | Found a runed translucent door.
 11264 | D:10     | Found a flagged portal.
 11303 | D:10     | Learned a level 6 spell: Death Channel
 11339 | Bailey   | Entered a bailey
 11620 | Bailey   | Reached ***** piety under Cheibriados
 11727 | Bailey   | Reached skill level 6 in Shields
 11727 | Bailey   | Reached XP level 11. HP: 77/77 MP: 18/23
 11738 | Bailey   | Noticed an orc knight
 11759 | Bailey   | Killed an orc knight
 11760 | Bailey   | Reached skill level 9 in Invocations
 11892 | Bailey   | Noticed an orc knight
 11897 | Bailey   | Noticed an orc knight
 11908 | Bailey   | Killed an orc knight
 11909 | Bailey   | Reached XP level 12. HP: 59/83 MP: 21/24
 12113 | D:10     | Noticed a two-headed ogre
 12114 | D:10     | Noticed a two-headed ogre
 12114 | D:10     | Noticed a two-headed ogre
 12126 | D:10     | Noticed a catoblepas
 12126 | D:10     | Found the +10 dark maul {heavy}
 12427 | D:10     | Noticed a boulder beetle
 12457 | D:10     | Killed a boulder beetle
 13233 | D:5      | Found a snail-covered altar of Cheibriados.
 13233 | D:5      | Found a white marble altar of Elyvilon.
 13440 | D:5      | Killed a two-headed ogre
 13881 | D:6      | Found a hazy altar of Hepliaklqana.
 13881 | D:6      | Found a basalt altar of Yredelemnul.
 14012 | Lair:1   | Entered Level 1 of the Lair of Beasts
 14245 | Lair:1   | Noticed Harold
 14298 | Lair:1   | Identified the +2 robe of Death Resistance {rC+ Slay+3}
 14324 | Lair:1   | Reached skill level 9 in Necromancy
 14596 | Lair:1   | You fall into a shaft and drop 1 floor!
 14616 | Lair:2   | Reached skill level 9 in Shields
 14708 | Lair:2   | Found a staircase to the Swamp.
 14716 | Lair:2   | Noticed Gastronok
 14733 | Lair:2   | Killed Gastronok
 14857 | Lair:2   | Noticed a five-headed hydra
 14859 | Lair:2   | Noticed Urug
 14861 | Lair:2   | Killed a five-headed hydra
 14862 | Lair:2   | Reached skill level 10 in Necromancy
 14871 | Lair:2   | Killed Urug
 15013 | Lair:2   | Gained mutation: You can hop long distances. [Barachi
                  | growth]
 15013 | Lair:2   | Reached XP level 13. HP: 28/88 MP: 14/25
 15244 | Lair:2   | Found a staircase to the Snake Pit.
 15436 | Lair:2   | Found a snail-covered altar of Cheibriados.
 15446 | Lair:2   | Reached skill level 11 in Necromancy
 16136 | Lair:1   | Noticed Grum
 16149 | Lair:1   | Killed Grum
 16158 | Lair:1   | Noticed Amaemon
 16167 | Lair:1   | Killed Amaemon
 16177 | Lair:1   | Your ally Grum died
 16180 | Lair:1   | Killed Harold
 16181 | Lair:1   | Reached skill level 12 in Necromancy
 16478 | Lair:1   | Reached skill level 3 in Armour
 17251 | Lair:3   | Reached ****** piety under Cheibriados
 17378 | Lair:3   | Found a transporter.
 17381 | Lair:3   | Found a transporter.
 17381 | Lair:3   | Noticed Zdeegee's ghost (journeyman DsBr)
 18160 | Lair:4   | Reached skill level 6 in Maces & Flails
 18160 | Lair:4   | Reached skill level 6 in Dodging
 18437 | Lair:4   | Found a viscous altar of Jiyva.
 18437 | Lair:4   | Found a staircase to the Slime Pits.
 18785 | Lair:5   | Entered Level 5 of the Lair of Beasts
 18877 | Lair:5   | Mangled by a cane toad

Illustrated notes

Levels and vault maps discovered:
D:1:      scummos_arrival_simple_fountains, layout_loops_ring
D:2:      layout_basic, hellmonk_ecumenical_altar_prayer_group,
          hangedman_glass_teeth, uniq_terence
D:3:      layout_basic
D:4:      layout_basic, minmay_temple_entry_nine_rooms, uniq_ijyb
D:5:      layout_loops_cross, chequers_temple_overflow_statue_of_worship,
          portal_sewer_entry_b, minmay_ogre_servants
D:6:      layout_loops_ring, nicolae_overflow_hidden_temple, uniq_eustachio
D:7:      layout_cave_pods, serial_column_ruins, column_ruins_temple_circle,
          column_ruins_grid_4, column_ruins_columns_plus, column_ruins_grid_1,
          column_ruins_grid_2, column_ruins_open_tiny, column_ruins_grid_1,
          column_ruins_grid_2, kennysheep_crisscross, nrook_pool_corridor,
          minivault_22
D:8:      layout_rooms, lemuel_coloured_pillars_altar, david_lair_shrubbed,
          serial_park_tiny_1, st_stairs_14, kennysheep_cross_bottleneck
D:9:      layout_loops_ring, grunt_decor_cap
D:10:     minmay_roctagon, layout_basic, enter_bailey_7, minmay_st_funbox
Lair:1:   lemuel_reptile_caves, layout_regular_city,
          chequers_serial_rivers_room_a, uniq_harold, uniq_grum, uniq_amaemon
Lair:2:   layout_hall_layers, minmay_swamp_entry_swarm,
          minmay_snake_entry_guardpost_large, minivault_26,
          kennysheep_snail_temple, serial_bayou_shore_b, uniq_gastronok,
          uniq_urug
Lair:3:   layout_chaotic_city, gammafunk_ghost_arena,
          nicolae_quartered_pool_little, dpeg_oklob_1
Lair:4:   layout_loops_ring, minmay_slime_entry_pillars
Lair:5:   minmay_lair_end_enchanted_forest, layout_concentric_octagons,
          serial_rivers, chequers_serial_rivers_large_a,
          chequers_serial_rivers_room_a, chequers_serial_rivers_small_b,
          chequers_serial_rivers_micro_a, serial_bayou_pond_b,
          eino_house_with_fridge, serial_bayou_shore_a

Skill      XL: |  1  2  3  4  5  6  7  8  9 10 11 12 13 |
---------------+----------------------------------------+-----
Fighting       | 1 3 4 5 |  5.9
Fire Magic     | 1 2 4 5 |  5.0
Maces & Flails | 1 3 4 5 6 |  6.4
Stealth        | 2 3 |  3.0
Armour         | 1 2 4 |  4.7
Invocations    | 1 3 6 8 9 10 | 10.4
Dodging        | 4 5 6 |  6.4
Necromancy     | 4 7 8 10 12 | 12.0
Spellcasting   | 4 8 |  8.0
Shields        | 6 7 10 | 10.0

Action                     |  1- 3 |  4- 6 |  7- 9 | 10-12 | 13-15 || total
---------------------------+-------+-------+-------+-------+-------++-------
  Melee: Unarmed           |    22 |       |       |       |       ||    22
         Dagger            |    59 |     8 |       |       |       ||    67
         Whip              |       |    84 |   183 |   240 |   191 ||   698
         Punch             |       |       |     1 |     1 |       ||     2
  Throw: Dart              |       |       |       |     7 |     3 ||    10
   Cast: Necrotise         |    22 |       |       |       |       ||    22
         Foxfire           |    11 |    81 |   183 |    52 |    13 ||   340
         Vampiric Draining |       |     1 |     9 |    31 |    21 ||    62
         Dispel Undead     |       |       |       |     6 |       ||     6
         Animate Dead      |       |       |       |     6 |     7 ||    13
         Death Channel     |       |       |       |     9 |    12 ||    21
 Invoke: Slouch            |       |       |       |     4 |       ||     4
         Bend Time         |       |       |       |     2 |       ||     2
Ability: Hop               |     1 |     3 |    10 |     8 |       ||    22
  Evoke: Wand              |       |     2 |     8 |     8 |       ||    18
         Box of beasts     |       |       |       |     2 |       ||     2
    Use: Scroll            |       |     5 |     4 |    12 |     2 ||    23
         Potion            |       |       |     1 |     8 |     1 ||    10
   Stab: Sleeping          |     3 |     4 |     5 |     2 |       ||    14
         Distracted        |       |       |       |     4 |     4 ||     8
         Petrified         |       |       |       |     2 |       ||     2
 Armour: Robe              |    37 |    18 |    11 |     9 |    17 ||    92
         Leather armour    |       |       |    30 |    22 |       ||    52
  Dodge: Dodged            |   100 |    54 |   172 |   191 |   124 ||   641
  Block: Kite shield       |       |       |       |   233 |   186 ||   419
